 Dungeon Crawl Stone Soup version 0.23.2 (webtiles) character file.

Game seed: 13549758279253914351

23 GreaterElenko the Sneak (level 2, -1/12 HPs)
             Began as a Felid Earth Elementalist on Apr 11, 2019.
             Slain by a kobold (4 damage)
             ... on level 1 of the Dungeon.
             The game lasted 00:01:03 (720 turns).

GreaterElenko the Sneak (Felid Earth Elementalist)   Turns: 720, Time: 00:01:04

Health: -1/12      AC:  1    Str:  4    XL:     2   Next: 72%
Magic:  1/6        EV: 18    Int: 16    God:
Gold:   32         SH:  0    Dex: 16    Spells: 4/5 levels left
                                        Lives:  0   Deaths: 0

rFire    . . .     SeeInvis +   (weapon unavailable)
rCold    . . .     Gourm    .   (shield unavailable)
rNeg     . . .     Faith    .   (armour unavailable)
rPois    .         Spirit   .   (helmet unavailable)
rElec    .         Reflect  .   (cloak unavailable)
rCorr    .         Harm     .   (gloves unavailable)
MR       .....                  (boots unavailable)
Stlth    +++.......             (no amulet)
HPRegen  0.04/turn              (no ring)
MPRegen  0.10/turn              (no ring)

@: quick
A: very small, no armour, no weapons or thrown items, stealth, claws 1, fangs 3,
see invisible, carnivore, speed 1, shaggy fur 1, slow metabolism 1, sharp paws
a: no special abilities


You were on level 1 of the Dungeon.
You were full.

You visited 1 branch of the dungeon, and saw 1 of its levels.

You collected 32 gold pieces.

Inventory:

Missiles
 b - 9 stones
Jewellery
 a - an uncursed amulet of rage {unknown}
   (You found it on level 1 of the Dungeon)
Scrolls
 d - a scroll of fear {unknown}
 f - a scroll of noise {unknown}
 g - a scroll of magic mapping {unknown}
Potions
 c - a potion of flight {unknown}
Comestibles
 e - a ration {!d}


   Skills:
 + Level 0.9 Fighting
 + Level 3.0 Dodging
 + Level 3.1 Stealth
 + Level 2.2 Spellcasting
   Level 1.1 Transmutations
 * Level 3.0 Earth Magic


You had 4 spell levels left.
You knew the following spells:

 Your Spells              Type           Power        Failure   Level  Hunger
a - Sandblast             Erth           ##....       6%          1    #......

Your spell library contained the following spells:

 Spells                   Type           Power        Failure   Level  Hunger
 Passwall                 Tmut/Erth      #.......     13%         2    ###....
 Stone Arrow              Conj/Erth      #.....       32%         3    ###....
 Petrify                  Tmut/Erth      #.......     65%         4    #####..
 Lee's Rapid Deconstruct  Erth           ##........   85%         5    ######.


Dungeon Overview and Level Annotations

Branches:
Dungeon (1/15)

Altars:


Innate Abilities, Weirdness & Mutations

You cannot wear armour.
You are incapable of wielding weapons or throwing items.
Your paws allow you to move quietly. (Stealth)
You have sharp claws.
You have razor-sharp teeth.
You have supernaturally acute eyesight. (SInv)
You are carnivorous and can eat meat at any time.
You cover ground quickly.
You are covered in fur. (AC +1)
You have a slow metabolism.
Your sharp claws are effective at attacking unaware monsters.


Message History

The kobold misses you.
You closely miss the kobold. You bite the kobold, but do no damage.
The kobold hits you.
You scratch the kobold but do no damage.
The kobold completely misses you.
You scratch the kobold but do no damage.
You bite the kobold, but do no damage. The kobold barely misses you.
You barely miss the kobold. The kobold closely misses you.
The frilled lizard misses you.
You closely miss the kobold. The kobold closely misses you.
The frilled lizard misses you.
You scratch the kobold but do no damage.
You bite the kobold. The kobold completely misses you.
The frilled lizard hisses.
The frilled lizard bites you.
You barely miss the kobold. The kobold misses you.
The frilled lizard misses you.
You closely miss the kobold. The kobold barely misses you.
The frilled lizard bites you.
* * * LOW HITPOINT WARNING * * *
Aim: a frilled lizard The blast of sand hits the frilled lizard!
You kill the frilled lizard!
b - 11 stones The kobold closely misses you.
Unknown command.
Aim: a kobold, wearing a +0 ring mail (severely wounded)
The blast of sand hits the kobold but does no damage.
b - 10 stones The kobold completely misses you.
Unknown command.
Aim: a kobold, wearing a +0 ring mail (severely wounded)
The blast of sand hits the kobold but does no damage.
b - 9 stones The kobold hits you.
* * * LOW HITPOINT WARNING * * *
You don't have enough magic to cast that spell.
You don't have enough magic to cast that spell.
You scratch the kobold but do no damage.
You bite the kobold, but do no damage. The kobold barely misses you.
You barely miss the kobold. The kobold hits you but does no damage.
Your magical contamination has completely faded away.
You scratch the kobold but do no damage.
The kobold barely misses you.
Unknown command.
You scratch the kobold but do no damage.
The kobold closely misses you.
You closely miss the kobold. The kobold misses you.
You barely miss the kobold. The kobold hits you.
You die...

#### ....#########
...........########
.........#.......!.
##........###.....
#......(...##.....
..#####........).)......
.......@(.....(.........
..##..K.................
.....##.........#...###.
..## ##.............##.
. #...........#.....
#..........####.#.
..^........# ..
............# #.


You could see a kobold.

Vanquished Creatures
  An ooze (D:1)
  A bat (D:1)
  3 hobgoblins (D:1)
  6 kobolds (D:1)
  3 frilled lizards (D:1)
  2 goblins (D:1)
  3 rats (D:1)
19 creatures vanquished.

Notes
Turn   | Place    | Note
-------+----------+-------------------------------------------
     0 | D:1      | GreaterElenko the Felid Earth Elementalist began the quest
                  | for the Orb.
     0 | D:1      | Reached XP level 1. HP: 7/7 MP: 4/4
     2 | D:1      | Noticed a dwarf
     2 | D:1      | Noticed a spriggan
     4 | D:1      | Noticed a tengu
     4 | D:1      | Noticed an ogre
     6 | D:1      | Noticed a human
     6 | D:1      | Noticed a felid
     9 | D:1      | Noticed an octopode
     9 | D:1      | Noticed a draconian
    11 | D:1      | Noticed a vine stalker
    11 | D:1      | Noticed a centaur
    13 | D:1      | Noticed a demigod
    15 | D:1      | Noticed an elf
    15 | D:1      | Noticed a troll
    17 | D:1      | Noticed a ghoul
    19 | D:1      | Noticed a minotaur
    19 | D:1      | Noticed a gargoyle
    21 | D:1      | Noticed a demonspawn
    23 | D:1      | Noticed a halfling
    23 | D:1      | Noticed a vampire
    25 | D:1      | Noticed a formicid
    25 | D:1      | Noticed a naga
    27 | D:1      | Noticed a merfolk
   344 | D:1      | Reached XP level 2. HP: 6/12 MP: 0/6
   720 | D:1      | Slain by a kobold

Skill      XL: |  1  2 |
---------------+-------+-----
Stealth        | 3 |  3.1
Earth Magic    | 3 |  3.0
Dodging        | 3 |  3.0
Fighting       | |  0.9
Spellcasting   | |  2.2
Transmutations | |  1.1

Action                   || total
-------------------------++-------
Melee: Unarmed           ||    30
       Bite              ||     5
 Cast: Sandblast         ||    25
  Eat: Chunk             ||     3
Armor: Skin              ||     4
Dodge: Dodged            ||    32
